[Event "Titled Tuesday Blitz August 10 2021"]
[White "Gupta, Abhijeet"]
[Black "Ivanisevic, Ivan"]
[WhiteFideId "5010608"]
[BlackFideId "912417"]
[WhiteElo "2549"]
[BlackElo "2499"]
[Result "1-0"]
[Round "08"]
[TimeControl "180+1"]
[Date "2021.08.10"]
[WhiteClock "0:00:08"]
[BlackClock "0:00:01"]

1. d4 Nf6 2. c4 e6 3. Nf3 d5 4. g3 Bb4+ 5. Nbd2 dxc4 6. Bg2 b5 7. a4 c6 8. Ne5 Nd5 9. O-O a5 10. Ne4 O-O 11. Qc2 f6 12. Nf3 Nd7 13. Rd1 Ba6 14. Ned2 Qe7 15. e4 N5b6 16. axb5 cxb5 17. Nb1 e5 18. Nc3 Bd6 19. Be3 b4 20. dxe5 fxe5 21. Nd5 Nxd5 22. exd5 b3 23. Qb1 Bb4 24. Ng5 Nf6 25. d6 Qd7 26. Bd5+ Kh8 27. Be6 Qb7 28. d7 Rad8 29. Qf5 h6 30. Nf7+ Rxf7 31. Bxf7 Rxd7 32. Be6 Rxd1+ 33. Rxd1 Be7 34. Qxe5 a4 35. Bc5 Qf3 36. Qb8+ Kh7 37. Bxe7 Qxd1+ 38. Kg2 Qd3 39. Qe5 Bb7+ 40. Kh3 1-0


[Site "https://www.chess.com"]

[Event "Titled Tuesday Blitz August 10 2021"]
[White "Iskusnyh, Sergei"]
[Black "Oparin, Grigoriy"]
[WhiteFideId "4120027"]
[BlackFideId "24125890"]
[WhiteElo "2492"]
[BlackElo "2628"]
[Result "1/2-1/2"]
[Round "08"]
[TimeControl "180+1"]
[Date "2021.08.10"]
[WhiteClock "0:00:17"]
[BlackClock "0:00:34"]

1. d4 Nf6 2. c4 g6 3. g3 Bg7 4. Bg2 c6 5. e3 O-O 6. Ne2 d5 7. O-O dxc4 8. Na3 Nbd7 9. Nxc4 Re8 10. b3 e5 11. dxe5 Nd5 12. Bb2 N7b6 13. Nd6 Re7 14. e4 Nc7 15. f4 Ne8 16. Nxc8 Qxc8 17. Qc2 h5 18. Rad1 Rd7 19. Bh3 Rxd1 20. Bxc8 Rxf1+ 21. Kxf1 Rxc8 22. e6 fxe6 23. Bxg7 Kxg7 24. Nd4 Kf7 25. e5 Nd5 26. Kf2 Ng7 27. Nb5 Nf5 28. Nd6+ Nxd6 29. exd6 Rd8 30. Qc5 a6 31. Kf3 Rd7 32. h3 Nf6 33. g4 hxg4+ 34. hxg4 Ne8 35. f5 gxf5 36. gxf5 Nxd6 37. fxe6+ Kxe6 38. Qh5 Rf7+ 39. Ke2 Kd7 40. Qh3+ Kc7 41. a4 Re7+ 42. Kd3 Re5 43. Qh2 Rd5+ 44. Kc3 a5 45. Qh7+ Kb6 46. Qh2 Ne4+ 47. Kc4 Nd6+ 48. Kc3 Ka6 49. Qe2+ b5 50. axb5+ Nxb5+ 51. Kb2 Kb6 52. Qf2+ Rd4 53. Qg1 Ka6 54. Qf1 a4 55. bxa4 Rxa4 56. Qf8 Rc4 57. Qa8+ Kb6 58. Qd8+ Kc5 59. Qf8+ Nd6 60. Qf2+ Rd4 61. Qg1 Nb5 62. Qf2 Kb6 63. Qg1 c5 64. Qg6+ Ka5 65. Qg7 Rb4+ 66. Kc2 Rc4+ 67. Kb3 Rb4+ 68. Kc2 Ra4 69. Qh8 Ra2+ 70. Kb3 Ra3+ 71. Kc4 Rc3+ 72. Qxc3+ Nxc3 73. Kxc5 1/2-1/2


[Site "https://www.chess.com"]

[Event "Titled Tuesday Blitz August 10 2021"]
[White "Kezin, Roman"]
[Black "Mikhailovsky, Vladimir"]
[WhiteFideId "24124621"]
[BlackFideId "34105414"]
[WhiteElo "2570"]
[BlackElo "2315"]
[Result "1-0"]
[Round "08"]
[TimeControl "180+1"]
[Date "2021.08.10"]
[WhiteClock "0:00:04"]
[BlackClock "0:00:02"]

1. h4 d5 2. h5 e5 3. a4 Nc6 4. a5 a6 5. Ra4 Be6 6. Rah4 h6 7. b3 Nge7 8. Bb2 Nf5 9. R4h2 Bb4 10. e3 Bxa5 11. Nf3 Qd6 12. Nc3 e4 13. Nh4 Nxh4 14. Rxh4 O-O-O 15. Qa1 Bb6 16. Na4 d4 17. Nxb6+ cxb6 18. exd4 Nxd4 19. Bxd4 Qxd4 20. Qxd4 Rxd4 21. d3 f5 22. dxe4 fxe4 23. Be2 Rhd8 24. Rf4 Rd2 25. Rxe4 Bf5 26. Bd3 R8xd3 27. cxd3 Rb2 28. Re5 Bxd3 29. Rh3 Rxb3 30. Kd2 Bc4 31. Rxb3 Bxb3 32. Re7 a5 33. Rxg7 a4 34. Kc3 Bd5 35. Kb4 b5 36. Rg6 Kd8 37. g4 Ke8 38. g5 1-0


[Site "https://www.chess.com"]

[Event "Titled Tuesday Blitz August 10 2021"]
[White "Kollars, Dmitrij"]
[Black "Rastbod, Ali"]
[WhiteFideId "12909572"]
[BlackFideId "12567477"]
[WhiteElo "2576"]
[BlackElo "2226"]
[Result "1/2-1/2"]
[Round "08"]
[TimeControl "180+1"]
[Date "2021.08.10"]
[WhiteClock "0:00:06"]
[BlackClock "0:00:09"]

1. e4 c5 2. Nf3 e6 3. d4 cxd4 4. Nxd4 Nc6 5. Nc3 Qc7 6. Be3 a6 7. a3 b5 8. Nxc6 dxc6 9. Qg4 e5 10. Qg3 Nf6 11. Be2 h5 12. Bg5 Be7 13. O-O h4 14. Bxh4 Nxe4 15. Nxe4 Rxh4 16. Bf3 Bf5 17. Rfe1 O-O-O 18. Ng5 Bxg5 19. Qxg5 Rf4 20. Qxg7 e4 21. Be2 Bg6 22. g3 e3 23. fxe3 Re4 24. Bd3 Re6 25. Rad1 Rde8 26. Bxg6 Rxg6 27. Qh7 Rxg3+ 28. Kh1 Rgxe3 29. Qf5+ Kb8 30. Rxe3 Rxe3 31. Rd2 Re1+ 32. Kg2 Re7 33. Qf6 Rd7 34. Rxd7 Qxd7 35. Qf4+ Kb7 36. Qe4 Qd2+ 37. Kg3 Qd6+ 38. Qf4 Qg6+ 39. Kf3 Qxc2 40. Qxf7+ Kb6 41. Qg7 Qxh2 42. Qd4+ c5 43. Qf6+ Kb7 44. Qf7+ Qc7 45. Qa2 Qc6+ 46. Ke3 c4 47. Qb1 Qe6+ 48. Kd2 Qd5+ 49. Ke2 Kc6 50. Qg6+ Kb7 51. Qb1 Kb6 52. Qg1+ Qc5 53. Qg6+ Ka5 54. Qc2 Qe5+ 55. Kf1 Qd4 56. Ke2 Kb6 57. Qc1 Qd3+ 58. Ke1 Qd6 59. Qe3+ Kc6 60. Ke2 Kd7 61. Kf2 Qf6+ 62. Kg1 Qxb2 63. Qa7+ Kd6 64. Qxa6+ Kd5 65. Qb7+ Kc5 66. Qa7+ Kd5 67. Qb7+ Kc5 68. Qa7+ Kc6 69. Qa8+ Kc7 70. Qa7+ Kd6 71. Qb8+ Ke7 72. Qc7+ Ke6 73. Qc8+ Kf7 74. Qd7+ Kg6 75. Qd6+ Kg5 76. Qd5+ Kf4 77. Qd6+ Qe5 78. Qd2+ Qe3+ 79. Qf2+ Qxf2+ 80. Kxf2 Ke4 81. Ke2 Kd4 82. Kd2 Kd5 83. Kc2 Kd4 84. Kd2 c3+ 85. Kc1 Kc4 86. Kc2 Kd4 87. Kd1 Kd3 88. Kc1 c2 89. a4 bxa4 90. Kb2 Kd2 91. Ka2 c1=Q 1/2-1/2


[Site "https://www.chess.com"]

[Event "Titled Tuesday Blitz August 10 2021"]
[White "Kovalev, Egor"]
[Black "Maximov, Dmitry"]
[WhiteFideId "24124117"]
[BlackFideId "14105659"]
[WhiteElo "2253"]
[BlackElo "2494"]
[Result "0-1"]
[Round "08"]
[TimeControl "180+1"]
[Date "2021.08.10"]
[WhiteClock "0:00:01"]
[BlackClock "0:00:20"]

1. e4 c5 2. Nf3 d6 3. d4 cxd4 4. Nxd4 Nf6 5. Nc3 a6 6. f3 e5 7. Nb3 Be6 8. Be3 Nbd7 9. g4 b5 10. g5 Nh5 11. Qd2 Be7 12. O-O-O O-O 13. Kb1 Qc7 14. Rg1 g6 15. Nd5 Bxd5 16. exd5 a5 17. Bxb5 a4 18. Nc1 Rfb8 19. c4 Ng7 20. Nd3 Nf5 21. Bf2 Nb6 22. Rc1 Bf8 23. Nb4 Bg7 24. Rgd1 Nd7 25. Nc6 Rb7 26. c5 Rxb5 27. cxd6 Qxd6 28. Qd3 Rb7 29. Rc2 a3 30. b3 h5 31. Qc4 Kh7 32. Qe4 Ra6 33. Be1 Nc5 34. Qc4 Rxc6 35. Bb4 Rxb4 36. Qxb4 e4 37. fxe4 Qe5 38. Rxc5 Qb2# 0-1


[Site "https://www.chess.com"]

[Event "Titled Tuesday Blitz August 10 2021"]
[White "Lashkin, Jegor"]
[Black "Nakamura, Hikaru"]
[WhiteFideId "13907808"]
[BlackFideId "2016192"]
[WhiteElo "2293"]
[BlackElo "2900"]
[Result "1/2-1/2"]
[Round "08"]
[TimeControl "180+1"]
[Date "2021.08.10"]
[WhiteClock "0:00:11"]
[BlackClock "0:00:18"]

1. d4 g6 2. c4 Bg7 3. e4 d6 4. Nc3 Nd7 5. Nf3 e5 6. Be2 Ngf6 7. O-O O-O 8. Be3 Ng4 9. Bg5 f6 10. Bc1 h5 11. Re1 Nh6 12. Bf1 g5 13. dxe5 dxe5 14. Be3 c6 15. c5 Ng4 16. b4 Nxe3 17. Rxe3 Qe7 18. Bc4+ Kh7 19. Rd3 f5 20. Rd6 g4 21. Nd2 f4 22. Be6 Nxc5 23. Bxc8 Qxd6 24. Bf5+ Rxf5 25. exf5 Rd8 26. bxc5 Qxd2 27. Qxd2 Rxd2 28. Rb1 b5 29. cxb6 axb6 30. a4 Rd4 31. Kf1 Rc4 32. Ne2 Rxa4 33. f3 b5 34. Nc3 Ra3 35. Ne4 gxf3 36. Rd1 fxg2+ 37. Kxg2 Ra7 38. Rd6 Bf8 39. Rxc6 Rb7 40. Ng5+ Kg8 41. f6 b4 42. f7+ Kg7 43. Ne6+ Kh8 44. Nxf8 Rxf7 45. Ng6+ Kh7 46. Nxe5 Rb7 47. Rc2 b3 48. Rb2 Kh6 49. Nd3 Kg5 50. Kf3 Kf5 51. Nxf4 h4 52. Ne2 Ke5 53. Ke3 Kf5 54. Nd4+ Kg4 55. Rxb3 Rxb3+ 56. Nxb3 Kh3 57. Kf2 Kxh2 58. Nd2 Kh3 59. Kg1 Kg4 60. Nf1 Kf5 61. Nh2 Ke6 62. Nf1 Kd7 63. Nh2 Kc8 64. Kg2 Kb8 65. Kh3 Ka8 66. Kxh4 1/2-1/2


[Site "https://www.chess.com"]

[Event "Titled Tuesday Blitz August 10 2021"]
[White "Lintchevski, Daniil"]
[Black "Costachi, Mihnea"]
[WhiteFideId "4171055"]
[BlackFideId "1217518"]
[WhiteElo "2494"]
[BlackElo "2482"]
[Result "1/2-1/2"]
[Round "08"]
[TimeControl "180+1"]
[Date "2021.08.10"]
[WhiteClock "0:00:22"]
[BlackClock "0:00:18"]

1. e4 e5 2. Nf3 Nc6 3. d4 exd4 4. Nxd4 Nf6 5. Nxc6 bxc6 6. Nd2 d5 7. exd5 cxd5 8. Bb5+ Bd7 9. Bxd7+ Qxd7 10. O-O Be7 11. b3 O-O 12. Qf3 Bb4 13. c3 Bd6 14. h3 Rfe8 15. Bb2 Re6 16. c4 Be5 17. Bxe5 Rxe5 18. cxd5 Qxd5 19. Rfd1 Qxf3 20. Nxf3 Re2 21. Nd4 Rb2 22. Nb5 h5 23. Nxc7 Rc8 24. Rdc1 Ne4 25. f3 Ng3 26. Rc4 Ne2+ 27. Kh2 Nf4 28. Rg1 Rxa2 29. h4 Rb2 30. Rxf4 Rxc7 31. b4 Rcc2 32. Re4 g6 33. Kg3 Kf8 34. Rd4 Ke7 35. Re1+ Kf6 36. Rg1 Ra2 37. Rf4+ Kg7 38. Re4 Rcb2 39. Kh3 Ra4 40. Rd1 Rbxb4 41. Rxb4 Rxb4 42. Rd7 Ra4 43. g4 hxg4+ 44. fxg4 Ra3+ 45. Kg2 Kf6 46. Rb7 Ke6 47. h5 gxh5 48. gxh5 Ra5 49. h6 Kf6 50. h7 Rh5 51. Rxa7 Rxh7 52. Kf3 Rh4 53. Ra5 Rb4 54. Rc5 Kg6 55. Ra5 f6 56. Rc5 f5 57. Rc8 Rb3+ 58. Kf4 Rb4+ 59. Kf3 Kf6 60. Rf8+ Ke6 61. Re8+ Kd6 62. Rf8 Ke5 63. Re8+ Kf6 64. Rf8+ Ke7 65. Rxf5 Rb3+ 1/2-1/2


[Site "https://www.chess.com"]

[Event "Titled Tuesday Blitz August 10 2021"]
[White "Maghsoodloo, Parham"]
[Black "Mirzoev, Azer"]
[WhiteFideId "12539929"]
[BlackFideId "13400304"]
[WhiteElo "2601"]
[BlackElo "2525"]
[Result "1/2-1/2"]
[Round "08"]
[TimeControl "180+1"]
[Date "2021.08.10"]
[WhiteClock "0:00:04"]
[BlackClock "0:00:08"]

1. d4 d5 2. c4 c6 3. Nf3 Nf6 4. Nc3 dxc4 5. a4 Bf5 6. e3 e6 7. Bxc4 Bb4 8. O-O O-O 9. Qe2 c5 10. Na2 Ba5 11. dxc5 Nc6 12. Nd4 Nxd4 13. exd4 Qxd4 14. Be3 Qh4 15. b4 Bc7 16. g3 Qh3 17. f3 Rfd8 18. Rad1 h6 19. Nc3 a6 20. Bd4 Bg6 21. Be5 Bxe5 22. Qxe5 Bc2 23. Rxd8+ Rxd8 24. Qe2 Qf5 25. Qe3 Qg6 26. b5 axb5 27. axb5 Qg5 28. Qxg5 hxg5 29. Rc1 Bf5 30. c6 bxc6 31. bxc6 e5 32. g4 Bc8 33. h3 g6 34. Ra1 Rd4 35. Ra4 Kg7 36. Nb5 Rd1+ 37. Kf2 Rc1 38. Nd6 Be6 39. c7 Bd7 40. c8=Q Bxc8 41. Nxc8 e4 42. Nd6 exf3 43. Kxf3 Rc3+ 44. Kg2 Rc2+ 45. Kg1 Rc1+ 46. Kf2 Rc2+ 47. Ke1 Rc3 48. Ra7 Ne4 49. Rxf7+ Kh6 50. Nxe4 Rxc4 51. Nf2 Rc1+ 52. Ke2 Rc2+ 53. Kf1 Rc1+ 54. Kg2 Rg1+ 55. Kf3 Rg3+ 56. Ke4 Re3+ 57. Kd5 Rd3+ 58. Ke6 Rd6+ 59. Ke7 Rd7+ 60. Kf6 Rd6+ 61. Ke5 Rd5+ 62. Ke4 Rd4+ 63. Ke3 Rd3+ 64. Ke2 Rd2+ 65. Kf3 Rd3+ 66. Kg2 Rg3+ 67. Kf1 Rg1+ 68. Ke2 Re1+ 69. Kd2 Re2+ 70. Kc3 Rc2+ 71. Kd4 Rc4+ 72. Kd5 Rc5+ 73. Kd4 Rc4+ 74. Ke3 Rc3+ 75. Ke4 Rc4+ 76. Ke5 Rc5+ 77. Ke6 Rc6+ 78. Kd5 Rc5+ 79. Kd4 Rc4+ 1/2-1/2


[Site "https://www.chess.com"]

[Event "Titled Tuesday Blitz August 10 2021"]
[White "Materia, Marco"]
[Black "Ibrahimli, Murad"]
[WhiteFideId "45150451"]
[BlackFideId "13410229"]
[WhiteElo "2686"]
[BlackElo "2109"]
[Result "0-1"]
[Round "08"]
[TimeControl "180+1"]
[Date "2021.08.10"]
[WhiteClock "0:00:01"]
[BlackClock "0:00:09"]

1. d4 d5 2. c4 c6 3. Nf3 Nf6 4. Nc3 a6 5. c5 Bf5 6. Bf4 Nbd7 7. h3 e6 8. e3 Be7 9. Be2 h6 10. b4 O-O 11. O-O Ne4 12. Nxe4 Bxe4 13. Ne5 Nxe5 14. Bxe5 Bf6 15. Bd6 Be7 16. Bg3 Re8 17. Bd3 Bxd3 18. Qxd3 Bf6 19. f4 g6 20. a4 h5 21. b5 axb5 22. axb5 h4 23. Bf2 Kg7 24. Rfb1 Rxa1 25. Rxa1 b6 26. Ra6 bxc5 27. Rxc6 c4 28. Qa3 Qb8 29. Qa6 Re7 30. b6 Rb7 31. Be1 Bd8 32. Ba5 g5 33. f5 g4 34. hxg4 Qg3 35. f6+ Bxf6 36. Kf1 Rb8 37. b7 Qxe3 38. Bc7 Bxd4 39. Qa2 Rxb7 40. Ba5 Rb1+ 41. Qxb1 Qf2# 0-1


[Site "https://www.chess.com"]

[Event "Titled Tuesday Blitz August 10 2021"]
[White "Moroni, Luca Jr"]
[Black "Vlassov, Nikolai"]
[WhiteFideId "865834"]
[BlackFideId "4103360"]
[WhiteElo "2491"]
[BlackElo "2407"]
[Result "1/2-1/2"]
[Round "08"]
[TimeControl "180+1"]
[Date "2021.08.10"]
[WhiteClock "0:00:07"]
[BlackClock "0:00:15"]

1. d4 Nf6 2. c4 Nc6 3. Nf3 e6 4. Nc3 Bb4 5. Bg5 h6 6. Bh4 g5 7. Bg3 Ne4 8. Rc1 d5 9. e3 h5 10. h3 Bxc3+ 11. bxc3 Nxg3 12. fxg3 Qd6 13. Kf2 h4 14. g4 Bd7 15. c5 Qg3+ 16. Kg1 O-O-O 17. Qe1 Qxe1 18. Rxe1 f6 19. Bd3 e5 20. Nd2 e4 21. Bc2 f5 22. gxf5 Bxf5 23. Kh2 g4 24. Rhf1 Rdf8 25. c4 Nb4 26. Bb1 c6 27. a3 Nd3 28. Bxd3 exd3 29. cxd5 cxd5 30. Rf4 Be6 31. Ref1 Rxf4 32. Rxf4 gxh3 33. gxh3 b6 34. Rf6 Kd7 35. Nf3 bxc5 36. dxc5 Rb8 37. Ne5+ Ke7 38. Rf2 Rb3 39. Ng6+ Kd8 40. Nf4 Kd7 41. Rd2 Bf5 42. Nxd5 Rxa3 43. e4 Bg6 44. c6+ Kxc6 45. Ne7+ Kc5 46. Nxg6 Kd4 47. Nxh4 Kxe4 48. Kg3 Ke3 49. Nf3 Ra6 50. Rd1 Rg6+ 51. Kh4 Kxf3 52. Rxd3+ Kf4 53. Rd4+ Kf5 54. Ra4 Rg7 55. Ra5+ Kf4 56. Ra4+ Kf5 57. Ra6 Kf4 58. Ra4+ Kf5 1/2-1/2


[Site "https://www.chess.com"]

[Event "Titled Tuesday Blitz August 10 2021"]
[White "Moussard, Jules"]
[Black "Petriashvili, Nikoloz"]
[WhiteFideId "642908"]
[BlackFideId "13611216"]
[WhiteElo "2644"]
[BlackElo "2430"]
[Result "0-1"]
[Round "08"]
[TimeControl "180+1"]
[Date "2021.08.10"]
[WhiteClock "0:00:10"]
[BlackClock "0:00:12"]

1. Nf3 c5 2. e4 Nc6 3. Bb5 g6 4. Bxc6 bxc6 5. d4 cxd4 6. Qxd4 f6 7. Qa4 Bg7 8. c4 Nh6 9. O-O Nf7 10. Nc3 O-O 11. Be3 a5 12. Rfd1 Qc7 13. h3 Rb8 14. Rd2 Rb4 15. Qa3 Nd6 16. b3 Nxe4 17. Nxe4 f5 18. Rad1 fxe4 19. Nd4 d6 20. Ne2 c5 21. Rc2 a4 22. Nc3 axb3 23. axb3 Qb7 24. Rb1 Be6 25. Rcc1 Ra8 26. Qb2 Bxc4 27. Qd2 Bd3 28. Rb2 Rxb3 29. Rxb3 Qxb3 30. Qe1 Rc8 31. Ne2 c4 32. Nf4 c3 33. f3 c2 34. fxe4 Bb2 35. Kh2 Bxe4 36. Bd2 Bxc1 37. Bxc1 Qb7 38. Qg3 e5 39. Nh5 Qf7 40. Qg5 Qf5 41. Nf6+ Kf7 42. Nxh7 Rh8 43. Qh4 Rxh7 44. Qxh7+ Ke6 45. Qg8+ Kd7 46. Qc4 Bd3 47. Qa4+ Ke7 48. Qa7+ Ke6 49. Qc7 Qf1 50. Qc8+ Kd5 51. Qb7+ Ke6 52. Qc8+ Kd5 53. Qb7+ Kd4 54. Qb6+ Ke4 55. Qc7 Qxc1 56. Qb7+ d5 57. Qb4+ d4 58. Qb7+ Ke3 59. Qf3+ Kd2 60. Qf2+ Kc3 61. Qf7 Qf4+ 62. Qxf4 exf4 63. h4 c1=Q 64. Kh3 Be2 0-1


[Site "https://www.chess.com"]

[Event "Titled Tuesday Blitz August 10 2021"]
[White "Nesterov, Arseniy"]
[Black "Plazuelo Pascual, Juan"]
[WhiteFideId "24198455"]
[BlackFideId "32059566"]
[WhiteElo "2477"]
[BlackElo "2330"]
[Result "1-0"]
[Round "08"]
[TimeControl "180+1"]
[Date "2021.08.10"]
[WhiteClock "0:00:08"]
[BlackClock "0:00:06"]

1. d4 Nf6 2. c4 g6 3. Nc3 Bg7 4. e4 O-O 5. Be2 d6 6. Be3 c5 7. d5 e5 8. Nf3 Ne8 9. Nd2 f5 10. f3 Nd7 11. O-O f4 12. Bf2 g5 13. a3 Rf7 14. b4 b6 15. bxc5 dxc5 16. a4 a5 17. Rb1 Bf8 18. Qc2 Nd6 19. Nb5 Ba6 20. Nxd6 Bxd6 21. Rb2 Nf6 22. Rfb1 Rb8 23. Rb3 Ne8 24. Qb2 Rfb7 25. h3 Bc7 26. Nf1 Qe7 27. Be1 Nd6 28. Bc3 Nxc4 29. Qa2 Bd6 30. R3b2 b5 31. axb5 Nxb2 32. bxa6 Rb3 33. Rxb2 c4 34. Rc2 Qa7+ 35. Kh2 Ra3 36. Qxc4 g4 37. fxg4 Qf2 38. Bd3 Qb6 39. Qc6 Qd8 40. a7 Ra8 41. Be1 Rxa7 42. Bb5 Rc7 43. Qb6 f3 44. gxf3 Rxf3 45. Ng3 Rf4 46. Rxc7 Qxc7 47. Qxc7 Bxc7 48. Nf5 Rxe4 49. d6 Rxe1 50. dxc7 Rc1 51. Ne7+ Kf7 52. c8=Q Rxc8 53. Nxc8 Ke6 54. Nb6 Kd6 55. Ba4 Kc5 56. Nd7+ Kb4 57. Bd1 a4 58. Bxa4 e4 59. Nf6 1-0


[Site "https://www.chess.com"]

[Event "Titled Tuesday Blitz August 10 2021"]
[White "Ozen, Bahadir"]
[Black "Khusnutdinov, Rustam"]
[WhiteFideId "6337058"]
[BlackFideId "13701703"]
[WhiteElo "2503"]
[BlackElo "2571"]
[Result "0-1"]
[Round "08"]
[TimeControl "180+1"]
[Date "2021.08.10"]
[WhiteClock "0:00:17"]
[BlackClock "0:00:39"]

1. Nf3 d5 2. e3 Bd7 3. c4 e6 4. Nc3 c6 5. d4 f5 6. Ne5 Nf6 7. Bd3 Bd6 8. O-O O-O 9. f4 Be8 10. c5 Bc7 11. Bd2 Nbd7 12. b4 Bh5 13. Be2 Bxe2 14. Qxe2 Bxe5 15. fxe5 Ne4 16. Nxe4 fxe4 17. Qg4 Qe7 18. a4 a6 19. h3 Rxf1+ 20. Rxf1 Rf8 21. Rxf8+ Nxf8 22. Qh5 Qf7 23. Qxf7+ Kxf7 24. Be1 Kg6 25. Kh2 h5 26. g4 Kg5 27. Kg3 Ng6 28. Bf2 Nh4 29. Be1 Nf3 30. Bf2 Nd2 31. h4+ Kg6 32. a5 Nc4 33. Kf4 Nb2 34. Kg3 Nd3 35. Bg1 Nxb4 36. Bf2 Na2 37. Be1 Nc1 38. Bd2 Nd3 39. Bc3 Kh6 40. g5+ Kg6 41. Bd2 Kf5 42. Bc3 Nc1 43. Bd2 Nd3 44. Kh3 g6 45. Kg3 Nb2 46. Kh3 Nc4 0-1


[Site "https://www.chess.com"]

[Event "Titled Tuesday Blitz August 10 2021"]
[White "Priasmoro, Novendra"]
[Black "Le, Tuan Minh"]
[WhiteFideId "7105029"]
[BlackFideId "12401153"]
[WhiteElo "2309"]
[BlackElo "2450"]
[Result "0-1"]
[Round "08"]
[TimeControl "180+1"]
[Date "2021.08.10"]
[WhiteClock "0:01:02"]
[BlackClock "0:01:39"]

1. e4 c5 2. Nf3 Nf6 3. e5 Nd5 4. Nc3 e6 5. Nxd5 exd5 6. g3 Nc6 7. Bg2 d6 8. exd6 Bxd6 9. O-O O-O 10. d4 Bg4 11. c3 cxd4 12. cxd4 Qf6 13. Be3 Rfe8 14. h3 Bh5 15. g4 Bg6 16. Bg5 Qe6 17. Re1 Qd7 18. Be3 Rac8 19. Rc1 h6 20. a3 Be4 21. Qd2 h5 22. Ne5 Bxe5 23. Bxe4 dxe4 24. dxe5 Qxd2 25. Bxd2 Nxe5 26. Rxc8 Nf3+ 27. Kf1 Rxc8 28. Ke2 Nxe1 0-1


[Site "https://www.chess.com"]

[Event "Titled Tuesday Blitz August 10 2021"]
[White "Sevian, Samuel"]
[Black "Quparadze, Giga"]
[WhiteFideId "2040506"]
[BlackFideId "13602250"]
[WhiteElo "2984"]
[BlackElo "2658"]
[Result "1-0"]
[Round "08"]
[TimeControl "180+1"]
[Date "2021.08.10"]
[WhiteClock "0:01:19"]
[BlackClock "0:01:15"]

1. e4 c5 2. Nf3 a6 3. c3 d5 4. exd5 Qxd5 5. d4 Nc6 6. Be3 cxd4 7. cxd4 e6 8. Nc3 Qd8 9. Bd3 Nf6 10. O-O Bd6 11. a3 O-O 12. Bc2 Ne7 13. Ne5 Ned5 14. Nxd5 Nxd5 15. Qd3 f5 16. Bd2 b5 17. Rfe1 Bb7 18. Bb3 Bxe5 19. Rxe5 Nc7 20. Ba5 Qd7 21. Bxc7 Qxc7 22. Bxe6+ Kh8 23. Bxf5 h6 24. Rae1 Rad8 25. Re7 Qf4 26. Rxb7 Rxd4 27. Rf7 Rdd8 28. Rxf8+ Rxf8 29. g4 g6 30. Qc3+ Kg8 31. Re7 1-0


[Site "https://www.chess.com"]

[Event "Titled Tuesday Blitz August 10 2021"]
[White "Shimanov, Aleksandr"]
[Black "Csonka, Balazs"]
[WhiteFideId "4198603"]
[BlackFideId "742910"]
[WhiteElo "2596"]
[BlackElo "2404"]
[Result "0-1"]
[Round "08"]
[TimeControl "180+1"]
[Date "2021.08.10"]
[WhiteClock "0:01:48"]
[BlackClock "0:00:11"]

1. b3 e5 2. Bb2 Nc6 3. c4 Nf6 4. Nf3 e4 5. Nd4 Nxd4 6. Bxd4 Be7 7. Nc3 c5 8. Bxf6 Bxf6 9. Rc1 Bxc3 10. Rxc3 O-O 11. g3 d5 12. cxd5 Qxd5 13. Bg2 Bf5 14. Qc1 b6 15. O-O Rfe8 16. d3 Qe5 17. dxe4 Bxe4 18. Re3 Qf5 19. Rxe4 Rxe4 20. Rd1 Rxe2 21. Rf1 Rae8 22. Qa3 R2e7 23. b4 cxb4 24. Qxb4 Qc5 25. Qb3 Re1 26. h4 g6 27. Bd5 Rxf1+ 28. Kxf1 Qe7 29. Qf3 Kg7 30. Bb3 Qf6 31. Qd3 Re7 32. Kg2 h5 33. Bc4 Qe5 34. Bd5 Rd7 0-1


[Site "https://www.chess.com"]

[Event "Titled Tuesday Blitz August 10 2021"]
[White "Tanenbaum, Zachary"]
[Black "Indjic, Aleksandar"]
[WhiteFideId "2060850"]
[BlackFideId "911925"]
[WhiteElo "2165"]
[BlackElo "2643"]
[Result "0-1"]
[Round "08"]
[TimeControl "180+1"]
[Date "2021.08.10"]
[WhiteClock "0:00:04"]
[BlackClock "0:01:00"]

1. e4 e5 2. Nf3 Nc6 3. Bc4 Nf6 4. d3 h6 5. Nbd2 d6 6. a4 g5 7. Nf1 g4 8. Nh4 Nxe4 9. dxe4 Qxh4 10. Ng3 h5 11. O-O Be6 12. Bxe6 fxe6 13. f4 exf4 14. Bxf4 Bh6 15. Qd2 Bxf4 16. Qxf4 O-O-O 17. a5 a6 18. Qf7 Rde8 19. Qg7 Ne5 20. c4 Qe7 21. Qxe7 Rxe7 22. Rac1 h4 23. Ne2 h3 24. Nf4 hxg2 25. Kxg2 Kd7 26. c5 Reh7 27. Rh1 Rf8 28. cxd6 cxd6 29. Rhf1 Nf3 30. Rc7+ Kxc7 31. Nxe6+ Kc6 32. Nxf8 Rxh2+ 33. Kg3 Rxb2 34. Rc1+ Kb5 35. Kxg4 Ne5+ 36. Kg3 Kxa5 37. Ne6 Rb3+ 38. Kg2 b5 39. Nc7 b4 40. Rd1 Rc3 41. Ra1+ Ra3 42. Rd1 Nc4 43. Rd4 Rc3 44. Nd5 Rc2+ 45. Kf3 b3 46. Rd3 b2 47. Rb3 Nd2+ 48. Ke2 Nxb3+ 49. Kd3 b1=Q 0-1


[Site "https://www.chess.com"]

[Event "Titled Tuesday Blitz August 10 2021"]
[White "Timofeev, Artyom"]
[Black "Timmermans, Mark"]
[WhiteFideId "4140419"]
[BlackFideId "1026399"]
[WhiteElo "2582"]
[BlackElo "2460"]
[Result "1-0"]
[Round "08"]
[TimeControl "180+1"]
[Date "2021.08.10"]
[WhiteClock "0:00:29"]
[BlackClock "0:00:15"]

1. c4 Nf6 2. Nc3 e5 3. e3 Be7 4. Nf3 d6 5. d4 exd4 6. Nxd4 O-O 7. Be2 Nc6 8. Nxc6 bxc6 9. O-O a5 10. Bf3 Qe8 11. b3 h6 12. Bb2 Rb8 13. Qd2 Bg4 14. Qe2 Bxf3 15. Qxf3 c5 16. Rfe1 Rb6 17. e4 Qd7 18. Rad1 Qc6 19. Qg3 Re8 20. Nd5 Kh7 21. Nxb6 Qxb6 22. e5 dxe5 23. Bxe5 Rc8 24. Qh3 Qb7 25. Qf5+ Kg8 26. Bxf6 Bxf6 27. Qxc5 Bc3 28. Re2 Bb4 29. Qb5 Qa8 30. Qd7 c5 31. Re7 Rf8 32. Rd3 a4 33. Qxa4 Qxa4 34. bxa4 Ra8 35. g3 Rxa4 36. Rd8+ Kh7 37. Rxf7 Rxa2 38. Rdd7 Bc3 39. Rf4 Bd4 40. Rfxd4 cxd4 41. Rxd4 Rc2 42. Kg2 g5 43. Kf3 Kg6 44. Ke3 h5 45. h4 g4 46. Rd6+ Kg7 47. Rd5 Kg6 48. Rg5+ Kh6 49. c5 Rc3+ 50. Kd4 Rf3 51. c6 Rxf2 52. Rc5 Rd2+ 53. Ke5 Rd8 54. c7 Rc8 55. Kd6 1-0


[Site "https://www.chess.com"]

[Event "Titled Tuesday Blitz August 10 2021"]
[White "Urazayev, Arystanbek"]
[Black "Maze, Sebastien"]
[WhiteFideId "13709810"]
[BlackFideId "613762"]
[WhiteElo "2321"]
[BlackElo "2462"]
[Result "0-1"]
[Round "08"]
[TimeControl "180+1"]
[Date "2021.08.10"]
[WhiteClock "0:00:34"]
[BlackClock "0:00:19"]

1. d4 Nf6 2. c4 g6 3. Nc3 Bg7 4. e4 O-O 5. Be2 d6 6. h4 h5 7. Bg5 Nbd7 8. Nf3 e5 9. dxe5 dxe5 10. Qd2 c6 11. O-O-O Qc7 12. Kb1 Re8 13. Bh6 Bxh6 14. Qxh6 Ng4 15. Qc1 Nxf2 16. Qh6 Nxh1 17. Rxh1 Nf8 18. c5 f6 19. Rd1 Be6 20. Rd6 Rad8 21. Qd2 Rxd6 22. cxd6 Qd7 23. Qe3 b6 24. Nd2 Qxd6 25. a3 Rd8 26. Nf3 Kg7 27. Ka1 Bg4 28. Bc4 Ne6 29. Nh2 Qd4 30. Nxg4 hxg4 31. Qe2 Nf4 32. Qf1 g3 33. Bb3 Qf2 34. Qc4 Rf8 35. Qxc6 Qxg2 36. Qd7+ Kh6 37. Qe7 Qg1+ 38. Ka2 Qc5 39. Qd7 g2 40. h5 g1=Q 41. hxg6 Qxg6 42. Qxa7 Qg2 43. Na4 Nd3 44. Qd7 Qd4 0-1


[Site "https://www.chess.com"]

[Event "Titled Tuesday Blitz August 10 2021"]
[White "Weetik, Vjacheslav"]
[Black "Nagy, Gabor"]
[WhiteFideId "4153472"]
[BlackFideId "737119"]
[WhiteElo "2469"]
[BlackElo "2562"]
[Result "0-1"]
[Round "08"]
[TimeControl "180+1"]
[Date "2021.08.10"]
[WhiteClock "0:00:02"]
[BlackClock "0:00:53"]

1. d4 Nf6 2. Bf4 b6 3. Nf3 Bb7 4. e3 g6 5. c4 Bg7 6. Nc3 O-O 7. Be2 d6 8. h3 Nbd7 9. O-O e6 10. Qc2 Qe7 11. Bh2 a6 12. Rfe1 c5 13. a3 Rac8 14. dxc5 Nxc5 15. Rad1 Rfd8 16. Nd4 Nfe4 17. Nxe4 Bxe4 18. Qc3 Bb7 19. Qb4 e5 20. Nb3 Qc7 21. Nxc5 bxc5 22. Qc3 a5 23. Rd2 a4 24. Red1 Bc6 25. Qc2 Rb8 26. Bf3 Bxf3 27. gxf3 Qc6 28. Rd5 Bf6 29. R1d2 Kg7 30. Kg2 h5 31. Bg3 h4 32. Bh2 Rb6 33. Qe4 Qb7 34. Qc2 Qc6 35. Qe4 Qe8 36. Qc2 Qe6 37. Qe4 Rdb8 38. Bg1 Be7 39. Qb1 f5 40. Qc1 Rb3 41. Bh2 g5 42. Qd1 Rxb2 43. Rxd6 Rxd2 44. Rxd2 Rb7 45. Qxa4 g4 46. Qa8 gxf3+ 47. Kxf3 Qc6+ 48. Ke2 f4 49. Rd5 Rb2+ 50. Kf3 Qxa8 0-1


[Site "https://www.chess.com"]